Map: Pillars of Gold LE

Players

INnoVation - Winner!

  • Race: Terran Terran
  • Spawn Location: 1:00

PtitDrogo

  • Race: Protoss Protoss
  • Spawn Location: 7:00

Event: StayAtHomestory Cup #2

VOD

https://youtu.be/c04SMIP-WXA?t=375

Description

Time

  • Played on: June 11, 2020, 10:29 a.m.
  • Length: 6:36

All games in this series

Show
View Real Time Build Order
Export as new Build Order

INnoVation Terran - Winner!

Build Orders: Reaper Expand 

Get SALT Encoding   

  12  0:00  SCV  
  13  0:13  SCV  
  14  0:18  Supply Depot  
  14  0:25  SCV  
  15  0:39  SCV  
  15  0:41  Barracks  
  16  0:45  Refinery  
  16  0:52  SCV  
  17  1:04  SCV  
  18  1:16  SCV  
  19  1:28  Orbital Command, Reaper  
  20  1:54  SCV  
  20  1:55  Command Center  
  20  1:58  Supply Depot  
  20  2:00  Marine  
  22  2:06  SCV  
  23  2:12  Factory  
  23  2:17  Refinery  
  23  2:20  SCV  
  24  2:23  Barracks Reactor  
  24  2:32  SCV  
  25  2:44  SCV  
  26  2:56  SCV  
  26  2:57  Starport, Factory Tech Lab  
  27  3:00  Marine x2  
  29  3:08  Orbital Command  
  29  3:09  SCV  
  30  3:15  Barracks  
  30  3:18  Marine x2  
  32  3:21  SCV  
  33  3:33  SCV  
  33  3:34  SCV  
  33  3:35  Marine x2  
  33  3:39  Barracks  
  36  3:43  Raven  
  36  3:45  SCV  
  36  3:46  Factory Tech Lab  
  36  3:47  SCV  
  40  3:50  Supply Depot  
  40  3:54  Marine x2  
  42  3:59  SCV x2  
  44  4:05  Engineering Bay  
  44  4:08  Refinery  
  44  4:11  SCV x2  
  44  4:14  Stimpack  
  46  4:18  Supply Depot  
  46  4:21  Marine x2  
  46  4:24  SCV  
  49  4:25  SCV  
  50  4:32  Terran Infantry Weapons Level 1  
  50  4:35  Starport Reactor  
  50  4:38  SCV x2, Factory Reactor  
  51  4:40  Marine  
  51  4:41  Marine  
  51  4:42  Supply Depot  
  53  4:49  Marauder x2  
  53  4:51  SCV x2  
  59  4:56  Refinery, Combat Shield  
  59  4:59  Marine  
  59  5:00  Marine  
  59  5:04  Supply Depot  
  59  5:05  SCV  
  59  5:07  SCV  
  63  5:11  Supply Depot  
  63  5:13  Medivac  
  65  5:15  Medivac  
  65  5:17  Marine  
  65  5:18  Marine  
  69  5:26  Widow Mine, Marauder x2  
  75  5:29  SCV, Widow Mine  
  75  5:32  SCV  
  75  5:34  Supply Depot  
  79  5:37  Supply Depot  
  79  5:39  Marine  
  79  5:40  Marine  
  81  5:47  Marauder x2  
  85  5:55  Medivac x2  
  85  5:56  Widow Mine x2  
  93  6:01  Supply Depot  
  93  6:05  SCV, Supply Depot  
  94  6:15  Marine x2, Marauder x2  
Show
View Real Time Build Order
Export as new Build Order

PtitDrogo Protoss 

Build Orders: 1 Gate Expand 

Get SALT Encoding   

  12  0:01  Probe  
  13  0:13  Probe  
  14  0:18  Pylon  
  14  0:25  Probe  
  15  0:34  Probe  
  15  0:37  Gateway  
  16  0:42  Probe  
  16  0:48  Assimilator  
  17  0:52  Probe  
  18  1:05  Probe  
  19  1:17  Probe  
  20  1:25  Nexus  
  20  1:35  Cybernetics Core  
  20  1:39  Probe  
  21  1:43  Assimilator  
  21  1:53  Probe  
  22  1:54  Pylon  
  22  2:02  Stalker  
  22  2:05  Probe  
  23  2:12  Warp Gate  
  25  2:17  Probe  
  26  2:29  Probe  
  27  2:33  Stalker  
  28  2:37  Probe x2  
  28  2:43  Robotics Facility  
  30  2:45  Probe x2  
  32  2:55  Probe  
  32  2:56  Probe  
  34  3:03  Sentry  
  34  3:05  Probe  
  36  3:08  Probe  
  38  3:13  Probe  
  39  3:20  Probe  
  39  3:22  Probe  
  39  3:23  Gateway  
  39  3:26  Gateway  
  41  3:28  Observer  
  41  3:32  Probe  
  43  3:34  Probe  
  43  3:36  Pylon  
  44  3:44  Probe  
  44  3:46  Probe  
  46  3:51  Observer  
  47  3:56  Probe  
  47  3:57  Nexus  
  47  3:58  Probe  
  47  4:02  Pylon  
  49  4:05  Assimilator  
  49  4:06  Assimilator  
  49  4:08  Probe  
  50  4:11  Pylon  
  50  4:12  Probe  
  50  4:13  Observer  
  52  4:18  Stalker  
  52  4:20  Probe  
  55  4:24  Probe  
  55  4:28  Stalker x2  
  59  4:32  Probe  
  59  4:36  Probe  
  61  4:39  Twilight Council  
  61  4:43  Forge  
  61  4:45  Probe  
  62  4:49  Probe  
  62  4:51  Pylon  
  63  4:57  Probe  
  64  5:01  Probe  
  64  5:04  Stalker x2  
  69  5:09  Sentry  
  69  5:10  Probe x2  
  73  5:24  Shield Battery  
  73  5:30  Gateway  
  73  5:31  Observer, Gateway  
  73  5:32  Gateway  
  73  5:34  Templar Archives  
  73  5:37  Immortal, Probe x2  
  73  5:38  Probe  
  76  5:44  Sentry  
  82  5:51  Pylon  
  81  5:59  Probe  
  81  6:00  Probe x2  
  81  6:02  Pylon  
  84  6:04  Zealot  
  84  6:05  Zealot  
  84  6:09  Pylon  
  88  6:12  Probe, Zealot  
  85  6:25  Stalker x4  
  83  6:27  Zealot  
  74  6:35  Zealot  
Tags
 
Add a new tag
Caveats
  • Supply blocks, unpowered buildings, or Contaminate may cause inaccurate times.
  • Supply counts are checked every 10 seconds.